 Dungeon Crawl Stone Soup version 0.24.0-123-gd5b16e6ec5 (webtiles) character file.

Game seed: 6453490661506104840, levelgen mode: deterministic

81 Martska the Charmwright (level 4, 0/35 HPs)
             Began as a Human Skald on Feb 9, 2020.
             Slain by Crazy Yiuf
             ... wielding a +3 quarterstaff of chaos
              (2 damage)
             ... on level 3 of the Dungeon.
             The game lasted 00:12:09 (3313 turns).

Martska the Charmwright (Human Skald)               Turns: 3313, Time: 00:12:10

Health: 0/35       AC:  8    Str: 12    XL:     4   Next: 67%
Magic:  4/7        EV: 12    Int: 14    God:
Gold:   123        SH:  0    Dex: 12    Spells: 6/7 levels left

rFire    . . .     SeeInvis .   a - +0 falchion
rCold    . . .     Gourm    .   (no shield)
rNeg     . . .     Faith    .   b - +0 leather armour
rPois    .         Spirit   .   m - +2 helmet
rElec    .         Reflect  .   (no cloak)
rCorr    .         Harm     .   r - +1 pair of gloves
MR       .....                  (no boots)
Stlth    +.........             (no amulet)
HPRegen  0.11/turn              (no ring)
MPRegen  0.10/turn              (no ring)

@: lethally poisoned (0 -> -4), infused
A: no striking features
a: no special abilities


You were on level 3 of the Dungeon.
You were not hungry.

You visited 1 branch of the dungeon, and saw 3 of its levels.

You collected 123 gold pieces.

Inventory:

Hand Weapons
 a - a +0 falchion (weapon)
Missiles
 e - 105 stones (quivered)
Armour
 b - a +0 leather armour (worn)
 m - a +2 helmet (worn)
 r - a +1 pair of gloves (worn)
Wands
 j - a wand of paralysis (11)
Scrolls
 f - a scroll of random uselessness {unknown}
 g - a scroll of blinking {unknown}
 h - 2 scrolls of teleportation {unknown}
 i - 4 scrolls of fear {unknown}
 l - a scroll of amnesia {unknown}
 o - a scroll of fog {unknown}
 q - a scroll of enchant armour {unknown}
 s - 2 scrolls of identify {unknown}
Potions
 c - 2 potions of curing {unknown}
 k - a potion of heal wounds {unknown}
 n - a potion of flight {unknown}
 p - a potion of haste {unknown}
Comestibles
 d - 2 rations


   Skills:
 * Level 3.0 Fighting
 + Level 2.4 Long Blades
 - Level 1.0 Armour
 + Level 2.4 Dodging
 + Level 2.4 Spellcasting
 + Level 3.4 Charms
 + Level 0.4 Evocations


You had 6 spell levels left.
You knew the following spells:

 Your Spells              Type           Power        Failure   Level  Hunger
a - Infusion              Chrm           ##..         7%          1    #......

Your spell library contained the following spells:

 Spells                   Type           Power        Failure   Level  Hunger
 Song of Slaying          Chrm           ##......     11%         2    ###....
 Shroud of Golubria       Chrm/Tloc      #.....       22%         2    ###....
 Regeneration             Chrm/Necr      #.........   41%         3    ###....
 Spectral Weapon          Hex/Chrm       #.......     41%         3    ###....


Dungeon Overview and Level Annotations

Branches:
Dungeon (3/15)

Altars:

Annotations:
D:3 Crazy Yiuf, Sigmund


Message History

You hit Crazy Yiuf.
Crazy Yiuf is heavily wounded.
* * * LOW HITPOINT WARNING * * *
You feel sick. Crazy Yiuf hits you but does no damage.
You completely miss Crazy Yiuf.
Crazy Yiuf is heavily wounded.
* * * LOW HITPOINT WARNING * * *
You feel sick. Crazy Yiuf barely misses you.
You riposte.
You hit Crazy Yiuf.
Crazy Yiuf is severely wounded.
You closely miss Crazy Yiuf.
Crazy Yiuf is severely wounded.
* * * LOW HITPOINT WARNING * * *
You feel sick. Crazy Yiuf barely misses you.
You hit Crazy Yiuf but do no damage.
Crazy Yiuf is severely wounded.
* * * LOW HITPOINT WARNING * * *
You feel sick.
Crazy Yiuf screams, "Hack cower fast!"
Crazy Yiuf hits you with a +3 quarterstaff of chaos.
You die...

## ###....#
.#######
##..##
.......#
♣....♣
.#####.#
♣...♣♣ .#
#.# ♣♣.♣♣ .#
#.# ♣.♣♣
.#####.###
♣♣.♣
.........###
♣.♣♣
.#####.....#
♣♣@♣
.#........##
#g#
.......#.###
...
##.###.#...#
#...#
##.###.#.###
#..)#
.........>.#
#####
##.#####...#
........(..#
..#.....†..#


You could see Crazy Yiuf.

Vanquished Creatures
  A gnoll (D:1)
  An adder (D:3)
  An ooze (D:3)
  2 worms
  A leopard gecko (D:3)
  An orc (D:3)
  A ball python (D:2)
  3 giant cockroaches
  10 goblins
  5 hobgoblins
  8 kobolds
  A quokka (D:3)
  7 bats
  2 frilled lizards
  2 rats
46 creatures vanquished.

Notes
Turn   | Place    | Note
-------+----------+-------------------------------------------
     0 | D:1      | Martska the Human Skald began the quest for the Orb.
     0 | D:1      | Reached XP level 1. HP: 16/16 MP: 3/3
   513 | D:1      | Reached XP level 2. HP: 22/22 MP: 1/5
   686 | D:1      | Reached XP level 3. HP: 28/28 MP: 0/6
  2651 | D:3      | Reached XP level 4. HP: 33/34 MP: 3/7
  2655 | D:3      | Noticed Sigmund
  3297 | D:3      | Found a runed translucent door.
  3298 | D:3      | Noticed Crazy Yiuf
  3313 | D:3      | Slain by Crazy Yiuf

Levels and vault maps discovered:
D:1:      dpeg_arrival_arbitrary_b, layout_basic
D:2:      layout_basic
D:3:      layout_loops_ring, kennysheep_crisscross, uniq_sigmund,
          uniq_crazy_yiuf_cottage, uniq_jessica

Skill      XL: |  1  2  3  4 |
---------------+-------------+-----
Fighting       | 3 |  3.0
Long Blades    | |  2.4
Armour         | |  1.0
Dodging        | |  2.4
Spellcasting   | |  2.4
Charms         | |  3.4
Evocations     | |  0.4

Action                   |  1- 3 |  4- 6 || total
-------------------------+-------+-------++-------
Melee: Falchion          |   100 |    65 ||   165
Throw: Stone             |       |     2 ||     2
 Cast: Infusion          |     8 |     4 ||    12
  Eat: Chunk             |     5 |       ||     5
       Ration            |       |     1 ||     1
Armor: Leather armour    |    22 |    37 ||    59
Dodge: Dodged            |    63 |    52 ||   115
       Rpst.: Falchion   |    15 |    14 ||    29
